 Dungeon Crawl Stone Soup version 0.29.0-4-gdea44cf6ec (webtiles) character file.

Game seed: 13878139767211939465

95 qw the Chopper (level 4, -7/28 HPs)
             Began as a Gargoyle Fighter on Sept 10, 2022.
             Mangled by a worm (8 damage)
             ... on level 3 of the Dungeon.
             The game lasted 00:00:52 (1692 turns).

qw the Chopper (Gargoyle Fighter)                   Turns: 1692, Time: 00:00:52

Health: -7/28      AC: 15    Str: 22    XL:     4   Next: 65%
Magic:  4/4        EV:  7    Int:  8    God:
Gold:   31         SH:  4    Dex:  9    Spells: 3/3 levels left

rFire   . . .      SeeInvis .   Y - +1 war axe
rCold   . . .      Faith    .   c - +0 buckler
rNeg    + . .      Spirit   .   g - +0 chain mail
rPois   inf        Reflect  .   (no helmet)
rElec   +          Harm     .   e - +2 cloak
rCorr   .          Rampage  .   (no gloves)
Will    .....                   (no boots)
Stlth   ..........              (no amulet)
HPRegen 0.09/turn               (no ring)
MPRegen 0.09/turn               (no ring)

@: no status effects
A: sickness immunity, AC +3, negative energy resistance 1, electricity
resistance, torment resistance 1, petrification resistance
a: no special abilities


You were on level 3 of the Dungeon.
You visited 1 branch of the dungeon, and saw 3 of its levels.

You collected 128 gold pieces.
You spent 97 gold pieces at shops.


Innate Abilities, Weirdness & Mutations

You are immune to sickness and miasma.
Your stone body is resilient. (AC +3)
You are immune to poison.
You resist negative energy. (rN+)
You are resistant to electric shocks. (rElec)
You are resistant to unholy torment.
You are immune to petrification.


   Skills:
 - Level 3.2 Fighting
 + Level 4.3 Axes
 - Level 3.2 Armour
 - Level 3.2 Shields


You had 3 spell levels left.
You didn't know any spells.
Your spell library was empty.

Inventory:

Hand Weapons
 j - a +0 flail
 Y - a +1 war axe (weapon)
Armour
 c - a +0 buckler (worn)
 e - a +2 cloak (worn)
 g - a +0 chain mail (worn)
Scrolls
 a - a scroll of identify
Potions
 b - 2 potions of curing {unknown}
 d - a potion of might
 f - a potion of ambrosia {unknown}
 h - a potion of heal wounds {unknown}
 l - a potion of attraction {unknown}
 m - a potion of brilliance {unknown}

Dungeon Overview and Level Annotations

Branches:
Dungeon (3/15)

Altars:

Shops:
D:1 [=   D:2 ?


Message History

The gnoll shouts! x2
The gnoll barely misses you. The gnoll hits you with a +0 flail!
You slash the gnoll!
You kill the gnoll!
You closely miss the gnoll. The gnoll hits you with a +0 flail.
Your Axes skill increases to level 4!
You slash the gnoll!
You kill the gnoll!
An orc comes into view. It is wielding a +0 dagger.
The gnoll hits you but does no damage.
The orc shouts!
You slash the gnoll!
You kill the gnoll!
You hear a shout!
A worm comes into view.
An orc priest comes into view. It is wielding a +0 club.
You closely miss the gnoll.
The orc priest shouts!
You hit the orc. The orc hits you but does no damage.
The gnoll hits you but does no damage.
You barely miss the orc.
The orc is heavily wounded.
You hit the worm but do no damage. You barely miss the gnoll.
The orc closely misses you. The gnoll hits you with a +0 flail.
The orc hits you but does no damage. You block the gnoll's attack.
The worm bites you but does no damage.
You barely miss the orc.
The orc is heavily wounded.
You slash the worm! You closely miss the gnoll.
The orc hits you but does no damage. The gnoll hits you but does no damage.
The orc priest invokes the aid of Beogh against you.
Beogh smites you!
You hit the worm.
The worm is severely wounded.
You barely miss the orc. You hit the gnoll but do no damage.
The orc hits you but does no damage. The gnoll barely misses you.
An orc comes into view. It is wielding a +0 short sword.
The worm bites you!
You die...

#.....# #
#####.#.#.### #
#.......#(##. ?.
#.###.###%#.#
.(. ###.#
#......## ...
..#.# #####.###
.. #.#.# #......
#.####.#.#
#.#.###
#.w@##.#)#
#.##.##
##og)#.#)# #
##.#
...o.o#.....#
##.
#>###...#.######
## ##....)....#
# #..#.####.# #
#..#.# # .g....#
# #g#....# #


You could see a worm, an orc priest, a gnoll and 2 orcs.

Vanquished Creatures
  3 gnolls (D:3)
  An adder (D:2)
  A dart slug (D:1)
  3 orcs (D:3)
  3 ball pythons (D:1)
  8 endoplasms
  5 goblins
  A hobgoblin (D:1)
  2 jackals (D:1)
  4 quokkas
  5 bats
  3 frilled lizards
  5 kobolds
  6 rats
50 creatures vanquished.

Notes
Turn   | Place    | Note
-------+----------+-------------------------------------------
     0 | D:1      | qw the Gargoyle Fighter began the quest for the Orb.
     0 | D:1      | Reached XP level 1. HP: 14/14 MP: 1/1
     0 | D:1      | 0 ||| qw: Version: 0.1-a-113-g051387a
     0 | D:1      | 0 ||| qw: Game counter: 7364
     0 | D:1      | 0 ||| qw: Always use a shield: true
     0 | D:1      | 0 ||| qw: God list: Okawaru
     0 | D:1      | 0 ||| qw: Allow faded altars: false
     0 | D:1      | 0 ||| qw: Do Orc after D:15 true
     0 | D:1      | 0 ||| qw: Do second Lair branch before Depths: true
     0 | D:1      | 0 ||| qw: Lair rune preference: random
     0 | D:1      | 0 ||| qw: Plans: Normal, Zot, God:TSO, Crypt, Tomb, Zig,
                  | Orb
     0 | D:1      | 0 ||| PLANNING D:1-11
    20 | D:1      | 20 ||| Stepping ~*~*~tactically~*~*~ (stealth).
    33 | D:1      | Reached skill level 2 in Axes
    51 | D:1      | Found Venidept's Jewellery Shoppe.
   108 | D:1      | 108 ||| SHOPLISTING +4 ring of protection (360 gold, have
                  | 13).
   108 | D:1      | 108 ||| SHOPLISTING +6 ring of strength (360 gold, have
                  | 13).
   108 | D:1      | 108 ||| SHOPLISTING amulet of guardian spirit (300 gold,
                  | have 13).
   108 | D:1      | 108 ||| SHOPLISTING ring of fire (250 gold, have 13).
   108 | D:1      | 108 ||| SHOPLISTING ring of positive energy (200 gold, have
                  | 13).
   313 | D:1      | 313 ||| Stepping ~*~*~tactically~*~*~ (stealth).
   316 | D:1      | Reached XP level 2. HP: 19/19 MP: 2/2
   334 | D:1      | Found Soff's Antique Armour Emporium.
   337 | D:1      | 337 ||| SHOPLISTING brightly glowing chain mail (218 gold,
                  | have 22).
   337 | D:1      | 337 ||| SHOPLISTING shiny ring mail (161 gold, have 22).
   669 | D:1      | Reached skill level 3 in Axes
   690 | D:1      | Reached XP level 3. HP: 22/23 MP: 3/3
   844 | D:1      | 844 ||| UPGRADING to +0 chain mail.
   854 | D:1      | 854 ||| DROPPING +0 scale mail.
   855 | D:1      | 855 ||| READING 2 scrolls labelled EPEIGA NOLUDD.
   856 | D:1      | 856 ||| READING 2 scrolls labelled XUCRYATHRIL.
   857 | D:1      | 857 ||| READING scroll labelled CIDYTO WOGI.
   858 | D:1      | 858 ||| READING scroll labelled YDUJ JAS ENAOV.
  1040 | D:2      | 1040 ||| Stepping ~*~*~tactically~*~*~ (stealth).
  1043 | D:2      | 1043 ||| Stepping ~*~*~tactically~*~*~ (stealth).
  1044 | D:2      | 1044 ||| Stepping ~*~*~tactically~*~*~ (stealth).
  1063 | D:2      | Found Keis's Magic Scroll Shop.
  1069 | D:2      | 1069 ||| BUYING scroll of enchant armour (97 gold).
  1069 | D:2      | Bought a scroll of enchant armour for 97 gold pieces
  1069 | D:2      | 1069 ||| SHOPLISTING scroll of enchant weapon (97 gold,
                  | have 18).
  1069 | D:2      | 1069 ||| SHOPLISTING scroll of identify (26 gold, have 18).
  1069 | D:2      | 1069 ||| SHOPLISTING scroll of teleportation (39 gold, have
                  | 18).
  1498 | D:2      | 1498 ||| UPGRADING to +0 cloak.
  1503 | D:2      | 1503 ||| READING 2 scrolls of enchant armour.
  1503 | D:2      | 1503 ||| ENCHANTING +0 cloak.
  1504 | D:2      | 1504 ||| READING scroll of enchant armour.
  1504 | D:2      | 1504 ||| ENCHANTING +1 cloak.
  1505 | D:2      | 1505 ||| READING 2 scrolls labelled BYTANU COMAE.
  1506 | D:2      | 1506 ||| READING scroll labelled ICYTAKHESEM.
  1507 | D:2      | 1507 ||| DROPPING scroll of magic mapping.
  1623 | D:3      | Reached XP level 4. HP: 28/28 MP: 4/4
  1643 | D:3      | 1643 ||| Stepping ~*~*~tactically~*~*~ (stealth).
  1645 | D:3      | 1645 ||| Stepping ~*~*~tactically~*~*~ (stealth).
  1668 | D:3      | 1668 ||| Stepping ~*~*~tactically~*~*~ (stealth).
  1672 | D:3      | 1672 ||| DROPPING +0 club.
  1674 | D:3      | 1674 ||| Stepping ~*~*~tactically~*~*~ (stealth).
  1680 | D:3      | 1680 ||| Stepping ~*~*~tactically~*~*~ (stealth).
  1681 | D:3      | 1681 ||| Stepping ~*~*~tactically~*~*~ (stealth).
  1683 | D:3      | 1683 ||| Stepping ~*~*~tactically~*~*~ (stealth).
  1687 | D:3      | Reached skill level 4 in Axes
  1691 | D:3      | HP: 1/28 [orc priest/divine providence (12)]
  1692 | D:3      | Mangled by a worm

Levels and vault maps discovered:
D:1:      lemuel_arrival_room, layout_rooms, serial_shops,
          nicolae_shop_behind_doors, shop_fountains
D:2:      layout_loops_cross, serial_shops, shop
D:3:      layout_loops_ring, hellmonk_ecumenical_altar_dog_temple, serial_shops,
          shop

Skill      XL: |  1  2  3  4 |
---------------+-------------+-----
Axes           | 2 3 4 |  4.3
Fighting       | |  3.2
Armour         | |  3.2
Shields        | |  3.2

Action                   |  1- 3 |  4- 6 || total
-------------------------+-------+-------++-------
Melee: War axe           |   108 |    18 ||   126
  Use: Scroll            |     8 |       ||     8
Armor: Scale mail        |    29 |       ||    29
       Chain mail        |    27 |    17 ||    44
Dodge: Dodged            |    52 |     5 ||    57
Block: Buckler           |    17 |     1 ||    18

Table legend:
 A = Non-vault XP
 B = Vault XP
 C = Vault XP percentage of total XP
 D = Non-vault monster count
 E = Vault monster count
 F = Vault count percentage of total count
                 A         B        C        D         E       F
            +---------+---------+-------+---------+---------+-------
      Total |     136 |       0 |   0.0 |      50 |       0 |   0.0
            +---------+---------+-------+---------+---------+-------
        D:1 |      45 |       0 |   0.0 |      26 |       0 |   0.0
        D:2 |      33 |       0 |   0.0 |      12 |       0 |   0.0
        D:3 |      58 |       0 |   0.0 |      12 |       0 |   0.0
            +---------+---------+-------+---------+---------+-------
